 Dungeon Crawl Stone Soup version 0.30.1-1-g62c8e00024 (webtiles) character file.

Game seed: 12763639439671102097

993 cheesebisquit the Covered (level 7, 0/64 HPs)
             Began as an Armataur Fighter on July 17, 2023.
             Killed from afar by Dowan (19 damage)
             ... with a stone arrow
             ... on level 5 of the Dungeon.
             The game lasted 00:13:14 (3885 turns).

cheesebisquit the Covered (Armataur Fighter)        Turns: 3885, Time: 00:13:14

Health: 0/64       AC: 10    Str: 23    XL:     7   Next: 98%
Magic:  7/7        EV:  6    Int:  9    God:
Gold:   54         SH:  5    Dex:  9    Spells: 6/6 levels left

rFire   . . .        a - +0 flail
rCold   . . .        c - +0 buckler
rNeg    + . .        y - +0 chain mail
rPois   .            k - +0 helmet
rElec   .            (no cloak)
rCorr   .            (no gloves)
SInv    .            (no barding)
Will    +....        (no amulet) Stlth
                     p - ring of positive energy
HPRegen 0.30/turn    b - ring of willpower
MPRegen 0.10/turn

%: roll
@: mighty
A: large, rugged brown scales 3, deformed body, armoured tail, roll, long
tongue, awkward tongue
a: no special abilities


You were on level 5 of the Dungeon.
You visited 1 branch of the dungeon, and saw 5 of its levels.

You collected 300 gold pieces.
You spent 246 gold pieces at shops.

Inventory:

Hand Weapons
 a - a +0 flail (weapon)
Missiles
 j - 4 poisoned darts
 u - 5 boomerangs (quivered)
Armour
 c - a +0 buckler (worn)
 k - a +0 helmet (worn)
 y - a +0 chain mail (worn)
Jewellery
 b - a ring of willpower (right hand)
 p - a ring of positive energy (left hand)
Wands
 w - a wand of digging (4)
Scrolls
 d - a scroll of brand weapon
 e - a scroll of fog {unknown}
 f - a scroll of enchant armour {unknown}
 h - a scroll of noise {unknown}
 i - a scroll of magic mapping
 l - a scroll of fear {unknown}
 m - a scroll of vulnerability {unknown}
 s - 3 scrolls of teleportation
 t - a scroll of amnesia {unknown}
 x - a scroll of silence {unknown}
Potions
 g - 2 potions of haste {unknown}
 n - a potion of cancellation
 o - a potion of brilliance
 q - a potion of attraction
 v - a potion of lignification


   Skills:
 + Level 4.6 Fighting
 * Level 5.5 Maces & Flails
 + Level 6.1 Armour
 + Level 5.5 Shields


You had 6 spell levels left.
You didn't know any spells.
Your spell library contained the following spells:

 Spells                   Type           Power      Damage    Failure   Level
 Apportation              Tloc           0%         N/A       95%         1
 Necrotise                Necr           0%         1d4       95%         1
 Summon Small Mammal      Summ           0%         N/A       95%         1
 Dazzling Flash           Conj/Hex       0%         N/A       100%        3
 Agony                    Necr           0%         N/A       100%        5
 Silence                  Hex/Air        0%         N/A       100%        5


Dungeon Overview and Level Annotations

Branches:
Dungeon (5/15)
 Temple: D:4-7

Altars:
Okawaru

Shops:
D:3 *   D:4 ((?

Annotations:
D:5 Dowan


Innate Abilities, Weirdness & Mutations

You are completely covered in rugged brown scales. (AC +3, +7% HP)
Armour fits poorly on your strangely shaped body.
You have a long armoured tail.
You roll when moving toward enemies. (Rampage)
Your long tongue fully drains potion bottles. (2x potion effects)
Your tongue gives you trouble enunciating. (1.5x scroll delay)


Message History

You closely miss Duvessa. You tail-slap Duvessa.
Duvessa is lightly wounded.
Duvessa hits you with a +0 rapier!
You sock Duvessa!
Duvessa is moderately wounded.
Duvessa completely misses you. Duvessa barely misses you.
You barely miss Duvessa.
Your tail-slap misses Duvessa.
Duvessa is moderately wounded.
Duvessa hits you with a +0 rapier. Duvessa hits you but does no damage.
Dowan hits you but does no damage.
You barely miss Duvessa.
Duvessa is moderately wounded.
You block Duvessa's attack. Dowan hits you with a +0 dagger.
Duvessa hits you with a +0 rapier.
You feel very mighty all of a sudden.
You slurp down every last drop of the potion of might!
Duvessa hits you with a +0 rapier. Dowan hits you but does no damage.
You hit Duvessa.
Duvessa is moderately wounded.
Duvessa hits you with a +0 rapier.
Dowan points at you and mumbles some strange words.
The puff of flame hits you. Duvessa hits you with a +0 rapier!
You sock Duvessa! You tail-slap Duvessa!
You kill Duvessa!
Dowan screams, "No!
No!"
Dowan seems to find hidden reserves of power!
Dowan hits you with a +0 dagger. Dowan hits you but does no damage.
You closely miss Dowan.
Dowan says, "How can I live without her?"
Dowan hits you with a +0 dagger. x2
You sock Dowan!
Your tail-slap misses Dowan.
Dowan is severely wounded.
Dowan hits you with a +0 dagger.
You barely miss Dowan.
Dowan is severely wounded.
Dowan hits you with a +0 dagger.
* * * LOW HITPOINT WARNING * * *
Dowan casts a spell at you. The stone arrow hits you!!
You die...

.####..###.##.......###
#.## #.###...#.## . #.
#.######).###.. #.
#............... #.
##.....###..#.... ..
#......##..## #.. ..
#.....#..#..# #
......##...## .#....
##@).# ###....†e.......
##............
#............
..............
...............
...=......[....
..#......<.....


You could see Dowan (fast).

Vanquished Creatures
  Grinder (D:4)
  Eustachio (D:4)
  A wyvern (D:4)
  Menkaure (D:4)
  Duvessa (D:5)
  A centaur (D:5)
  Ijyb (D:3)
  A hound (D:5)
  Jessica (D:2)
  An iguana (D:4)
  2 adders (D:3)
  An ufetubus (D:5)
  2 worms
  3 dart slugs
  4 orcs (D:3)
  3 bats
  3 endoplasms
  5 giant cockroaches
  7 goblins
  5 hobgoblins
  7 jackals
  A quokka (D:1)
  8 ball pythons
  4 frilled lizards
  2 kobolds (D:1)
  3 rats
70 creatures vanquished.

Notes
Turn   | Place    | Note
-------+----------+-------------------------------------------
     0 | D:1      | cheesebisquit the Armataur Fighter began the quest for the
                  | Orb.
     0 | D:1      | Reached XP level 1. HP: 19/19 MP: 1/1
   190 | D:1      | Reached XP level 2. HP: 19/26 MP: 2/2
   542 | D:1      | Reached skill level 4 in Armour
   542 | D:1      | Reached XP level 3. HP: 33/33 MP: 3/3
  1383 | D:2      | Noticed Jessica
  1386 | D:2      | Killed Jessica
  1387 | D:2      | Reached XP level 4. HP: 40/40 MP: 4/4
  2048 | D:3      | Found Wopoer's General Store.
  2051 | D:3      | Bought 3 boomerangs for 66 gold pieces
  2051 | D:3      | Bought a scroll of teleportation for 33 gold pieces
  2051 | D:3      | Bought a scroll of teleportation for 33 gold pieces
  2114 | D:3      | Noticed Ijyb
  2126 | D:3      | Paralysed by Ijyb for 5 turns
  2134 | D:3      | Killed Ijyb
  2135 | D:3      | Reached XP level 5. HP: 39/48 MP: 5/5
  2467 | D:4      | Found Ropon's Antique Weapon Boutique.
  2502 | D:4      | Noticed a wyvern
  2512 | D:4      | Killed a wyvern
  2513 | D:4      | Reached XP level 6. HP: 19/55 MP: 6/6
  2634 | D:4      | Noticed Grinder
  2637 | D:4      | Paralysed by Grinder for 3 turns
  2646 | D:4      | Killed Grinder
  2647 | D:4      | Reached skill level 5 in Armour
  2749 | D:4      | Noticed Menkaure
  2765 | D:4      | Killed Menkaure
  2766 | D:4      | Reached skill level 5 in Shields
  2766 | D:4      | Reached XP level 7. HP: 24/63 MP: 7/7
  2907 | D:4      | Found an iron altar of Okawaru.
  3020 | D:4      | Found Xoijoch's Magic Scroll Boutique.
  3035 | D:4      | Bought a scroll of identify for 24 gold pieces
  3035 | D:4      | Bought a scroll of magic mapping for 90 gold pieces
  3201 | D:4      | Found Bufesota's Weapon Emporium.
  3251 | D:4      | Noticed Eustachio
  3292 | D:4      | Killed Eustachio
  3293 | D:4      | Reached skill level 5 in Maces & Flails
  3755 | D:5      | Entered Level 5 of the Dungeon
  3870 | D:5      | Noticed Duvessa
  3871 | D:5      | Noticed Dowan
  3875 | D:5      | Reached skill level 6 in Armour
  3882 | D:5      | Killed Duvessa
  3885 | D:5      | Killed from afar by Dowan

Illustrated notes

Levels and vault maps discovered:
D:1:      eino_arrival_tree_alley, layout_basic,
          wander_ebering_terrifying_dragon_lair
D:2:      layout_loops_ring, uniq_jessica
D:3:      kennysheep_six_static_rooms, layout_basic, serial_shops,
          nicolae_shop_real_fake_doors, uniq_ijyb
D:4:      layout_loops_ring, mainiacjoe_overflow_chevrons, serial_shops,
          nicolae_shop_hallway_stairs, nicolae_shop_window_shopping, shop,
          dk_rats_in_the_wall, uniq_menkaure, uniq_eustachio, uniq_grinder
D:5:      layout_layer_cave, minmay_temple_entry_stoned_glass, uniq_duvessa,
          uniq_edmund

Skill      XL: |  1  2  3  4  5  6  7 |
---------------+----------------------+-----
Maces & Flails | 2 3 4 5 |  5.5
Fighting       | 3 4 |  4.6
Armour         | 4 5 6 |  6.1
Shields        | 4 5 |  5.5

Action                     |  1- 3 |  4- 6 |  7- 9 || total
---------------------------+-------+-------+-------++-------
  Melee: Flail             |   109 |    92 |    62 ||   263
         Tailslap          |     8 |    10 |     4 ||    22
  Throw: Boomerang         |       |    14 |     3 ||    17
    Use: Scroll            |       |     5 |     2 ||     7
         Potion            |       |     5 |     2 ||     7
 Armour: Scale mail        |    59 |    44 |    73 ||   176
         Chain mail        |       |       |    18 ||    18
  Dodge: Dodged            |    29 |    30 |    54 ||   113
  Block: Buckler           |    25 |    22 |    22 ||    69
